 Dungeon Crawl Stone Soup version 0.17.1-1-g73c8601 (webtiles) character file.

30860 Implojin the Grappler (level 13, -4/210 HPs)
             Began as a Troll Monk on Apr 6, 2016.
             Slain by jagang's ghost (9 damage)
             ... on level 8 of the Lair of Beasts.
             The game lasted 00:51:41 (6946 turns).

Implojin the Grappler (Troll Monk)                  Turns: 6946, Time: 00:51:41

Health: -4/210     AC: 26    Str: 28    XL:     13   Next: 22%
Magic:  12/12      EV:  1    Int:  6    God:
Gold:   396        SH:  0    Dex: 20    Spells: 0 memorised, 12 levels left

rFire  . . .     SeeInvis .       - Unarmed
rCold  . . .     Clarity  .     (armour currently unavailable)
rNeg   + + +     SustAt   .     (no shield)
rPois  +         Gourm    +     (helmet currently unavailable)
rElec  .         Spirit   .     (cloak currently unavailable)
rCorr  .         Warding  .     (gloves unavailable)
rMut   .         NoTele   +     (boots unavailable)
MR     .....                    d - amulet of faith
Stlth  ++........               N - +6 ring of strength
                                j - +4 ring of dexterity

@: tree-form, very slightly contaminated, not resistant to hostile enchantments,
unstealthy
A: unfitting armour, (claws 0), fast metabolism 3, gourmand, regeneration 2,
(shaggy fur 0), (tough skin 0)
a: no special abilities


You were on level 8 of the Lair of Beasts.
You were full.
You were a tree.
You visited 3 branches of the dungeon, and saw 21 of its levels.
You also visited: Ice Cave.

You collected 691 gold pieces.
You spent 295 gold pieces at shops.

Inventory:

Hand Weapons
 O - a +2 blowgun
Missiles
 x - 3 throwing nets (quivered)
 E - 4 curare-tipped needles
 T - 4 large rocks
Armour
 f - a +1 animal skin (melded)
 l - a +0 cloak (melded)
 Q - a +2 hat (melded)
 R - a steam dragon hide
Jewellery
 d - an amulet of faith (around neck)
 j - a +4 ring of dexterity (left branch)
 C - the ring "Nixt" {rC- rN+ MR+ Int+3}
   (You found it in an ice cave)

   [ring of intelligence]

   It affects your intelligence (+3).
   It makes you vulnerable to cold.
   It protects you from negative energy.
   It affects your resistance to hostile enchantments.
 J - an uncursed ring of ice
 N - a +6 ring of strength (right branch)
 Y - an uncursed ring of fire
Wands
 g - a wand of digging (11)
 w - a wand of magic darts (1)
 z - a wand of invisibility (2)
 A - a wand of paralysis (11)
 I - a wand of disintegration (7)
 S - a wand of confusion (3)
 U - a wand of enslavement (12)
 V - a wand of cold (7)
Scrolls
 e - 4 scrolls of remove curse
 p - a scroll of fog
 q - 5 scrolls of teleportation
 t - 3 scrolls of magic mapping
 y - 3 scrolls of enchant armour
 B - a scroll of amnesia
 F - a scroll of noise
 W - a scroll of vulnerability {unknown}
 Z - a scroll of fear
Potions
 c - 5 potions of curing
 h - a potion of flight
 i - a potion of mutation {unknown}
 r - a potion of resistance
 s - 4 potions of brilliance
 L - a potion of magic
 M - a potion of lignification
 P - a potion of might
Books
 n - a book of Frost

   Spells                             Type                      Level
   a - Freeze                         Ice                          1
   b - Throw Frost                    Conjuration/Ice              2
   c - Ozocubu's Armour               Charms/Ice                   3
   d - Throw Icicle                   Conjuration/Ice              4
   e - Summon Ice Beast               Ice/Summoning                4
   f - Condensation Shield            Ice                          4
 o - a book of Ice

   Spells                             Type                      Level
   a - Ice Form                       Ice/Transmutation            4
   b - Metabolic Englaciation         Hexes/Ice                    5
   c - Ozocubu's Refrigeration        Ice                          6
   d - Bolt of Cold                   Conjuration/Ice              6
   e - Freezing Cloud                 Conjuration/Ice/Air          6
   f - Simulacrum                     Ice/Necromancy               6
 u - a book of the Dragon

   Spells                             Type                      Level
   a - Flame Tongue                   Conjuration/Fire             1
   b - Cause Fear                     Hexes                        4
   c - Bolt of Fire                   Conjuration/Fire             6
   d - Dragon Form                    Transmutation                7
   e - Dragon's Call                  Summoning                    9
 H - a book of Annihilations

   Spells                             Type                      Level
   a - Poison Arrow                   Conjuration/Poison           6
   b - Chain Lightning                Conjuration/Air              8
   c - Lehudib's Crystal Spear        Conjuration/Earth            8
   d - Glaciate                       Conjuration/Ice              9
   e - Fire Storm                     Conjuration/Fire             9
 K - a Fen Folio

   Spells                             Type                      Level
   a - Corpse Rot                     Necromancy                   2
   b - Stone Arrow                    Conjuration/Earth            3
   c - Leda's Liquefaction            Hexes/Earth                  4
   d - Summon Forest                  Summoning/Translocation      5
   e - Hydra Form                     Transmutation                6
   f - Summon Hydra                   Summoning                    7
 X - a book of Enchantments

   Spells                             Type                      Level
   a - Cause Fear                     Hexes                        4
   b - Silence                        Hexes/Air                    5
   c - Deflect Missiles               Charms/Air                   6
   d - Haste                          Charms                       6
   e - Discord                        Hexes                        8
Miscellaneous
 G - a phial of floods
Comestibles
 b - 13 bread rations
 k - 11 beef jerkies
 m - 6 meat rations
 D - 8 fruits


   Skills:
 - Level 12.0 Fighting
 * Level 11.7 Dodging
 - Level 1.1 Stealth
 - Level 12.1 Unarmed Combat


You had 12 spell levels left.
You didn't know any spells.

Dungeon Overview and Level Annotations

Branches:
Dungeon (12/15)            Temple (1/1) D:5            Lair (8/8) D:11
 Shoals (0/4) Lair:3       Spider (0/4) Lair:3        Slime (0/6) Lair:7
    Orc (0/4) D:10

Altars:
Ashenzari
Dithmenos
Elyvilon
Gozag
Kikubaaqudgha
Makhleb
Qazlal
Ru
Sif Muna
Vehumet
Xom
Yredelemnul
Zin
The Shining One
Beogh

Shops:
D:4 *   D:6 *   D:8 }   D:9 [   D:11 *

Annotations:
D:4 Serono's ghost, amateur TrCK
Lair:8 jagang's ghost, journeyman TrMo


Innate Abilities, Weirdness & Mutations

You are too large for most types of armour.
((You have claws for hands.))
Your metabolism is lightning-fast.
You like to eat raw meat.
You heal very quickly.
((You are covered in fur (AC +1).))
((You have very tough skin (AC +2).))


Message History

Jagang's ghost hits you!!
* * * LOW HITPOINT WARNING * * *
Drink which item? (? for menu, Esc to quit)
You feel much better. Jagang's ghost hits you!
* * * LOW HITPOINT WARNING * * *
Unknown command.
You smack jagang's ghost!
Jagang's ghost is severely damaged.
Jagang's ghost hits you but does no damage.
You closely miss jagang's ghost.
Jagang's ghost is severely damaged.
You smack jagang's ghost!
Jagang's ghost is almost destroyed.
Jagang's ghost hits you.
* * * LOW HITPOINT WARNING * * *
You closely miss jagang's ghost. Your punch misses jagang's ghost.
Jagang's ghost is almost destroyed.
Jagang's ghost hits you!!
* * * LOW HITPOINT WARNING * * *
You barely miss jagang's ghost.
Jagang's ghost is almost destroyed.
Jagang's ghost hits you but does no damage.
Drink which item? (? for menu, Esc to quit)
Okay, then.
Read which item? (? for menu, Esc to quit)
Okay, then.
Drink which item? (? for menu, Esc to quit)
Okay, then.
Drink which item? (? for menu, Esc to quit)
You feel better. Jagang's ghost hits you.
* * * LOW HITPOINT WARNING * * *
Drink which item? (? for menu, Esc to quit)
You feel better. Jagang's ghost hits you!!
* * * LOW HITPOINT WARNING * * *
You pummel jagang's ghost!! Your punch misses jagang's ghost.
Jagang's ghost is almost destroyed.
You closely miss jagang's ghost.
Jagang's ghost is almost destroyed.
Jagang's ghost hits you!
You die...

*,♣P(...........†.......#*,,,
♣♣♣♣♣♣♣≈..........#...#...P.#****
.♣≈.♣♣≈≈...#.#.)........#####****
≈≈≈≈≈≈≈......P......#....## *,,,
≈≈[♣≈.≈P......P.........#.###*,**
≈♣♣♣♣♣♣†....................##**
*,,***♣#.....................##
*,,,,,*#....#.##W...##........#**
***,,**###.####P♣....##.#......,,
,,,*,*,*#P.#* ##...........###,,,
,,,*****###.* #.............#***,
≈≈≈,,≈* **,##*##...........## *,
≈≈*≈≈,***,,,**,.............# ***
*,*≈≈≈,**,,,,,,.............#**,,
****≈≈≈**,,,,,,.......P......#*,,
,,,*≈≈≈***,,,,PP.....##P.......,,
≈,≈,≈≈≈**,,,,***PP..#,##........*


You could see jagang's ghost.

Vanquished Creatures
  Gastronok (Lair:3)
  Erica (D:9)
  3 hydras
  3 death yaks (Lair:7)
  2 griffons
  An orb spider (Lair:3)
  A cyclops (D:11)
  5 elephants (Lair:7)
  The ghost of Implojin the Grappler, a novice TrMo of Okawaru (D:10)
  3 black mambas
  3 ice statues (IceCv)
  6 spiny frogs
  A torpor snail (Lair:7)
  A troll (D:11)
  5 blink frogs (Lair:7)
  Sigmund (D:4)
  40 yaks
  A wyvern (Lair:2)
  Eustachio (D:5)
  2 basilisks (Lair:6)
  A deep elf mage (D:11)
  5 hippogriffs
  12 wolves
  A hungry ghost (D:11)
  3 steam dragons (Lair:8)
  5 porcupines
  9 water moccasins
  3 sky beasts
  An eye of draining (D:9)
  A phantom (D:8)
  3 orc warriors
  9 ice beasts
  6 ogres
  2 black bears
  A centaur (D:6)
  5 crocodiles
  A gnoll sergeant (D:10)
  9 giant frogs
  2 big kobolds
  3 scorpions
  A killer bee (D:9)
  5 wights
  3 jellies
  6 orc priests
  5 iguanas
  A giant frog skeleton (D:6)
  4 hounds
  6 orc wizards
  Terence (D:2)
  6 worker ants
  A killer bee zombie (D:8)
  4 sheep (Lair:6)
  A worker ant zombie (D:8)
  Robin (D:2)
  9 gnolls
  6 adders
  18 river rats
  2 shadow imps
  2 white imps (D:8)
  An ufetubus (D:8)
  2 oozes (Lair:7)
  2 adder skeletons
  3 worms
  An adder simulacrum (D:8)
  2 giant geckos
  18 orcs
  2 giant cockroaches
  13 goblins
  4 hobgoblins
  10 kobolds
  5 quokkas
  2 ball pythons
  A bat (D:1)
  A giant newt (D:7)
  2 jackals (D:5)
  A quokka skeleton (D:8)
  A rat (D:2)
317 creatures vanquished.

Vanquished Creatures (others)
  3 wolves (Lair:7)
  4 plants
7 creatures vanquished.

Grand Total: 324 creatures vanquished

Notes
Turn   | Place    | Note
--------------------------------------------------------------
     0 | D:1      | Implojin the Troll Monk began the quest for the Orb.
     0 | D:1      | Reached XP level 1. HP: 22/22 MP: 0/0
   153 | D:2      | Noticed Robin
   166 | D:2      | Killed Robin
   166 | D:2      | Reached XP level 2. HP: 29/29 MP: 1/1
   321 | D:2      | Found a white marble altar of Elyvilon.
   353 | D:2      | Reached skill level 5 in Unarmed Combat
   353 | D:2      | Reached XP level 3. HP: 36/36 MP: 2/2
   436 | D:2      | Noticed Terence
   448 | D:2      | Killed Terence
   495 | D:1      | Reached XP level 4. HP: 44/44 MP: 3/3
   679 | D:4      | Found Ugayzxoc's General Store.
   683 | D:4      | Bought a potion of degeneration for 12 gold pieces
   721 | D:5      | Entered Level 5 of the Dungeon
   725 | D:5      | Reached skill level 6 in Unarmed Combat
   762 | D:4      | Noticed Sigmund
   799 | D:4      | Killed Sigmund
   799 | D:4      | Reached skill level 7 in Unarmed Combat
   799 | D:4      | Reached XP level 5. HP: 37/50 MP: 4/4
   822 | D:4      | Found a stormy altar of Qazlal.
   834 | D:4      | Noticed Serono's ghost (amateur TrCK)
   875 | D:5      | Found a burning altar of Makhleb.
   879 | D:5      | Noticed an ogre
   884 | D:5      | Reached XP level 6. HP: 33/59 MP: 5/5
   895 | D:5      | Killed an ogre
   968 | D:5      | Reached skill level 8 in Unarmed Combat
  1057 | D:7      | Reached skill level 3 in Fighting
  1057 | D:7      | Reached XP level 7. HP: 46/67 MP: 6/6
  1334 | D:7      | Reached skill level 4 in Fighting
  1426 | D:7      | Noticed a water moccasin
  1433 | D:7      | Killed a water moccasin
  1433 | D:7      | Reached skill level 5 in Fighting
  1492 | D:7      | Reached XP level 8. HP: 81/81 MP: 7/7
  1593 | D:7      | Reached skill level 6 in Fighting
  1744 | D:6      | Reached skill level 7 in Fighting
  1823 | D:6      | Found a shattered altar of Ashenzari.
  2132 | D:6      | Found Leifeop's General Store.
  2141 | D:6      | Bought a scroll of identify for 24 gold pieces
  2141 | D:6      | Bought 4 curare-tipped needles for 28 gold pieces
  2141 | D:6      | Bought 2 potions of curing for 72 gold pieces
  2141 | D:6      | Bought a scroll of identify for 24 gold pieces
  2246 | D:6      | Reached skill level 8 in Fighting
  2468 | D:5      | Noticed Eustachio
  2487 | D:5      | Killed Eustachio
  2487 | D:5      | Reached XP level 9. HP: 92/96 MP: 8/8
  2535 | D:5      | Found a staircase to the Ecumenical Temple.
  2541 | Temple   | Entered the Ecumenical Temple
  2861 | D:8      | Found Xunn's Gadget Shop.
  2895 | D:8      | Found an opulent altar of Gozag.
  2936 | D:8      | Reached skill level 9 in Unarmed Combat
  3047 | D:9      | Found Neipiani's Antique Armour Shoppe.
  3072 | D:9      | Noticed Erica
  3084 | D:9      | Killed Erica
  3084 | D:9      | Reached skill level 10 in Unarmed Combat
  3111 | D:10     | Entered Level 10 of the Dungeon
  3119 | D:10     | Noticed Implojin's ghost (novice TrMo)
  3135 | D:10     | Killed Implojin's ghost
  3135 | D:10     | Reached skill level 11 in Unarmed Combat
  3199 | D:11     | Found Tiris's General Store.
  3206 | D:11     | Noticed an eight-headed hydra
  3258 | D:10     | Found a staircase to the Orcish Mines.
  3278 | D:10     | Reached XP level 10. HP: 33/105 MP: 9/9
  3316 | D:10     | HP: 5/105 [orc warrior/long sword (21)]
  3479 | D:9      | Reached skill level 9 in Fighting
  3670 | D:10     | Found a roughly hewn altar of Beogh.
  3926 | D:11     | Reached skill level 10 in Fighting
  4072 | D:11     | Noticed a five-headed hydra
  4089 | D:11     | Killed a five-headed hydra
  4101 | D:11     | Noticed a cyclops
  4127 | D:11     | Killed a cyclops
  4127 | D:11     | Reached skill level 11 in Fighting
  4149 | D:11     | Reached XP level 11. HP: 113/120 MP: 10/10
  4159 | D:11     | Killed an eight-headed hydra
  4182 | D:11     | Bought a potion of heal wounds for 75 gold pieces
  4182 | D:11     | Bought a scroll of identify for 30 gold pieces
  4182 | D:11     | Bought a scroll of identify for 30 gold pieces
  4249 | D:11     | Found a staircase to the Lair.
  4356 | Lair:1   | Entered Level 1 of the Lair of Beasts
  4505 | Lair:3   | Reached skill level 12 in Fighting
  4530 | Lair:3   | Found a staircase to the Shoals.
  4677 | Lair:3   | Found a hole to the Spider Nest.
  4692 | Lair:3   | Reached skill level 12 in Unarmed Combat
  4753 | Lair:3   | Noticed a five-headed hydra
  4911 | Lair:4   | Reached skill level 3 in Dodging
  4992 | Lair:4   | Reached skill level 4 in Dodging
  5114 | Lair:4   | Reached skill level 5 in Dodging
  5136 | Lair:3   | Noticed Gastronok
  5180 | Lair:5   | Noticed an eight-headed hydra
  5242 | Lair:4   | Reached skill level 6 in Dodging
  5339 | Lair:3   | Killed Gastronok
  5339 | Lair:3   | Reached skill level 7 in Dodging
  5339 | Lair:3   | Reached XP level 12. HP: 101/132 MP: 11/11
  5365 | Lair:3   | Noticed a four-headed hydra
  5523 | Lair:5   | Killed an 11-headed hydra
  5590 | Lair:4   | Reached skill level 8 in Dodging
  5835 | Lair:7   | Reached skill level 9 in Dodging
  6069 | Lair:7   | Reached skill level 10 in Dodging
  6212 | Lair:7   | Found a staircase to the Slime Pits.
  6269 | Lair:8   | Entered Level 8 of the Lair of Beasts
  6339 | Lair:7   | Reached skill level 11 in Dodging
  6389 | Lair:7   | Reached XP level 13. HP: 47/140 MP: 12/12
  6607 | Lair:8   | Found a frozen archway.
  6618 | IceCv    | Entered an ice cave
  6738 | IceCv    | Got a clouded silver ring
  6747 | IceCv    | Identified the ring "Nixt" {rC- rN+ MR+ Int+3} (You found it in an ice cave)
  6895 | Lair:8   | Noticed jagang's ghost (journeyman TrMo)
  6944 | Lair:8   | HP: 3/210 [jagang's ghost (30)]
  6946 | Lair:8   | Slain by jagang's ghost

Action                   |  1- 3 |  4- 6 |  7- 9 | 10-12 | 13-15 || total
-------------------------+-------+-------+-------+-------+-------++-------
Melee: Unarmed           |    55 |    74 |   210 |   625 |    99 ||  1063
 Fire: Blowgun           |       |       |       |     1 |       ||     1
Throw: Large rock        |       |       |       |    25 |       ||    25
       Throwing net      |       |       |       |     1 |     3 ||     4
Evoke: Wand              |       |       |       |    24 |     2 ||    26
  Use: Scroll            |       |     6 |    11 |    10 |     4 ||    31
       Potion            |       |       |     1 |     1 |     7 ||     9
 Stab: Sleeping          |     2 |     2 |     5 |     2 |       ||    11
       Invisible         |       |       |       |     9 |     2 ||    11
       Distracted        |       |       |       |     1 |       ||     1
       Confused          |       |       |       |     1 |       ||     1
       Held in net/web   |       |       |       |       |     1 ||     1
  Eat: Chunk             |     8 |     6 |    20 |    27 |     6 ||    67
       Pizza             |       |       |       |       |     2 ||     2

Table legend:
 A = Turns spent in this place as a percentage of turns spent in the entire game.
 B = Non-inter-level travel turns spent in this place as a percentage of non-inter-level travel turns spent in the entire game.
 C = Inter-level travel turns spent in this place as a percentage of turns spent in this place.
 D = Turns resting spent in this place as a percentage of non-inter-level travel turns spent in this place.
 E = Turns spent auto-exploring this place as a percentage of non-inter-level travel turns spent in this place.
 F = Non-inter-level travel turns spent in this place divided by the number of levels of this place that you've seen.
                   A       B       C       D       E      F
               +-------+-------+-------+-------+-------+----------------------
         Total | 100.0 | 100.0 |   0.0 |   0.0 |   0.0 | 311.7
       Dungeon |  60.4 |  60.4 |   0.0 |   0.0 |   0.0 | 345.2
        Temple |   1.3 |   1.3 |   0.0 |   0.0 |   0.0 |  87.0
          Lair |  35.7 |  35.7 |   0.0 |   0.0 |   0.0 | 305.6
      Ice Cave |   2.7 |   2.7 |   0.0 |   0.0 |   0.0 | 183.0
               +-------+-------+-------+-------+-------+----------------------

Table legend:
 A = Kills in this place as a percentage of kills in entire the game.
 B = Kills by you in this place as a percentage of kills by you in the entire game.
 C = Kills by friends in this place as a percentage of kills by friends in the entire game.
 D = Other kills in this place as a percentage of other kills in the entire game.
 E = Experience gained in this place as a percentage of experience gained in the entire game.
 F = Experience gained in this place divided by the number of levels of this place that you have seen.
                   A       B       C       D       E      F
               +-------+-------+-------+-------+-------+----------------------
         Total | 100.0 | 100.0 |  -nan |  -nan | 100.0 | 2003.9
       Dungeon |  54.6 |  54.6 |  -nan |  -nan |  27.5 | 1009.5
          Lair |  42.6 |  42.6 |  -nan |  -nan |  67.7 | 3729.6
      Ice Cave |   2.8 |   2.8 |  -nan |  -nan |   4.8 | 2135.0
               +-------+-------+-------+-------+-------+----------------------
